 Dungeon Crawl Stone Soup version 0.19-a0-1111-gcceb26a (webtiles) character file.

611 Ijustatesigmund the Cudgeler (level 7, 0/56 HPs)
             Began as a Demonspawn Fighter on Aug 11, 2016.
             Slain by a water moccasin (4 damage)
             ... on level 4 of the Dungeon.
             The game lasted 00:11:49 (3830 turns).

Ijustatesigmund the Cudgeler (Demonspawn Fighter)   Turns: 3830, Time: 00:11:50

Health: 0/56       AC: 16    Str: 16    XL:     7   Next: 20%
Magic:  7/7        EV:  8    Int: 10    God:
Gold:   206        SH: 10    Dex: 14    Spells: 0 memorised, 6 levels left

rFire  + + .     SeeInvis .     s - +2 morningstar
rCold  . . .     Gourm    .     d - +2 leather armour {rF+}
rNeg   . . .     Faith    .     c - +2 shield
rPois  .         Spirit   .     r - +2 hat
rElec  .         Dismiss  .     w - +0 cloak
rCorr  .         Reflect  .     (no gloves)
SustAt .         Harm     .     o - +1 pair of boots
MR     +....                    p - amulet of magic regeneration
Stlth  +.........               v - +6 ring of protection
                                l - ring of protection from magic

@: lethally poisoned (0 -> -2)
A: fire resistance 1, flame cloud immunity, sturdy frame 1
a: no special abilities


You were on level 4 of the Dungeon.
You were not hungry.

You visited 1 branch of the dungeon, and saw 5 of its levels.
You also visited: Ossuary.

You collected 206 gold pieces.

Inventory:

Hand Weapons
 s - a +2 morningstar (weapon)
Armour
 c - a +2 shield (worn)
 d - a +2 leather armour of fire resistance (worn)
 o - a +1 pair of boots (worn)
 r - a +2 hat (worn)
 w - a +0 cloak (worn)
Jewellery
 l - a ring of protection from magic (left hand)
 p - an amulet of magic regeneration (around neck)
 u - a +5 ring of intelligence
 v - a +6 ring of protection (right hand)
Wands
 x - a wand of random effects (38/48)
 y - a wand of acid (6/15)
Scrolls
 a - a scroll of remove curse
 e - 2 scrolls of teleportation
 k - a scroll of fog
Potions
 g - 4 potions of flight
 h - 2 potions of curing
 i - 2 potions of resistance {unknown}
 j - 4 potions of heal wounds
 m - a potion of berserk rage {unknown}
 q - 2 potions of cure mutation {unknown}
 t - 2 potions of degeneration {unknown}
 z - 2 potions of agility {unknown}
 A - a potion of beneficial mutation {unknown}
Comestibles
 b - a chunk of flesh
 f - 2 bread rations
 n - 2 meat rations


   Skills:
 + Level 5.3 Fighting
 * Level 6.1 Maces & Flails
 - Level 2.6 Armour
 - Level 2.6 Shields


You had 6 spell levels left.
You didn't know any spells.

Dungeon Overview and Level Annotations

Branches:
Dungeon (5/15)
 Temple: D:4-7

Altars:
Ashenzari
Cheibriados
Gozag
Ru


Innate Abilities, Weirdness & Mutations

Your flesh is heat resistant. (rF+)
You are immune to clouds of flame.
Your movements are slightly less encumbered by armour. (ER -2)


Message History

The water moccasin completely misses you.
You closely miss the water moccasin.
The water moccasin is almost dead.
You block the water moccasin's attack.
The water moccasin bites you but does no damage.
You barely miss the water moccasin.
The water moccasin is almost dead.
You feel sick.
The water moccasin bites you but does no damage.
The water moccasin bites you.
* * * LOW HITPOINT WARNING * * *
You barely miss the water moccasin.
The water moccasin is almost dead.
You feel sick. The water moccasin bites you.
* * * LOW HITPOINT WARNING * * *
You block the water moccasin's attack.
You barely miss the water moccasin.
The water moccasin is almost dead.
You block the water moccasin's attack. The water moccasin bites you.
You die...

####### #@S...#
#.###.# ########.###.#
###### #..........#.#
.....####.##.##..#.#.#
.....#.......##......#
.......##.#####.##.###
.....####.#####.##.#
......#
#..)....##.######


You could see a water moccasin.

Vanquished Creatures
  An elf zombie (Ossuary)
  A howler monkey (D:4)
  A human zombie (Ossuary)
  An orc priest (D:4)
  4 orc wizards (D:4)
  A giant frog skeleton (D:4)
  2 worker ants (D:4)
  3 big kobold zombies (Ossuary)
  2 mummies (Ossuary)
  4 adders
  An adder zombie (Ossuary)
  2 worms
  4 dart slugs
  2 giant geckos (D:2)
  21 orcs
  3 giant cockroaches
  8 hobgoblins
  5 jackals
  3 quokkas
  A ball python (D:2)
  3 bats (D:1)
  5 giant newts
  10 goblins
  A goblin zombie (Ossuary)
  7 hobgoblin zombies (Ossuary)
  4 jackal zombies (Ossuary)
  3 kobolds
  10 kobold zombies (Ossuary)
  9 orc zombies (Ossuary)
  5 rats
127 creatures vanquished.

Notes
Turn   | Place    | Note
-------+----------+-------------------------------------------
     0 | D:1      | Ijustatesigmund the Demonspawn Fighter began the quest for the Orb.
     0 | D:1      | Reached XP level 1. HP: 18/18 MP: 1/1
    57 | D:1      | Reached skill level 2 in Maces & Flails
   311 | D:1      | Gained mutation: Your flesh is heat resistant. (rF+) [demonic ancestry]
   311 | D:1      | Reached XP level 2. HP: 23/24 MP: 2/2
   878 | D:2      | Gained mutation: Your movements are slightly less encumbered by armour. (ER -2) [demonic ancestry]
   878 | D:2      | Reached XP level 3. HP: 26/29 MP: 3/3
  1199 | D:2      | Reached skill level 3 in Maces & Flails
  2171 | D:3      | Reached XP level 4. HP: 37/37 MP: 4/4
  2399 | D:4      | Reached skill level 4 in Maces & Flails
  2402 | D:4      | Reached XP level 5. HP: 24/42 MP: 5/5
  2663 | D:4      | Found a sacrificial altar of Ru.
  2666 | D:4      | Found a shattered altar of Ashenzari.
  2669 | D:4      | Found an opulent altar of Gozag.
  2886 | D:4      | Found a sand-covered staircase.
  2895 | Ossuary  | Entered an ossuary
  2940 | Ossuary  | Gained mutation: You are immune to clouds of flame. [demonic ancestry]
  2940 | Ossuary  | Reached XP level 6. HP: 49/49 MP: 6/6
  3034 | Ossuary  | Reached skill level 5 in Maces & Flails
  3121 | Ossuary  | Reached skill level 5 in Fighting
  3507 | D:4      | Reached XP level 7. HP: 54/56 MP: 7/7
  3631 | D:4      | Reached skill level 6 in Maces & Flails
  3661 | D:4      | Found a snail-covered altar of Cheibriados.
  3721 | D:5      | Entered Level 5 of the Dungeon
  3830 | D:4      | Slain by a water moccasin

Vault maps used:
D:1:      lemuel_arrival_cross, minmay_pentomino_v2
D:2:      wad_lake_hut, serial_bayou_ford_a
D:3:      tgw_xom, uniq_crazy_yiuf_cottage
D:4:      kennysheep_slug_shrine, grunt_temple_overflow_diamond,
          chequers_ossuary_entry_cave, first_bread
Ossuary:  ossuary_tomb_1

Skill      XL: |  1  2  3  4  5  6  7 |
---------------+----------------------+-----
Maces & Flails | 2 3 4 5 6 |  6.1
Fighting       | 4 5 |  5.3
Armour         | |  2.6
Shields        | |  2.6

Action                   |  1- 3 |  4- 6 |  7- 9 || total
-------------------------+-------+-------+-------++-------
Melee: Flail             |   153 |    28 |       ||   181
       Morningstar       |       |   309 |    48 ||   357
  Use: Scroll            |     8 |     8 |       ||    16
       Potion            |       |     3 |       ||     3
  Eat: Chunk             |     3 |     2 |     2 ||     7
       Fruit             |     1 |     2 |       ||     3
       Pizza             |       |     1 |       ||     1
Armor: Scale mail        |    55 |   175 |       ||   230
       Leather armour    |       |     9 |    27 ||    36
Dodge: Dodged            |    44 |    95 |    17 ||   156
Block: Shield            |    72 |   215 |    29 ||   316
